General information
- name: BNet
- type: Ladder team game (AT/RT)
- host: Battle.net
- saver: RodIsPoorMansTC
map: MarketSquare
- players: 8
- length: 48:49
- speed: Fast
- version: 1.26 W3XP
- replay type: Public
» download(298 KB)
Players
team 1 (loser)
DolphinsGoEEEEE (
red | 74 APM | 2079 actions | 28:10)
4 Archmage
2 Summon Water Elemental
2 Brilliance Aura
3 Mountain King
2 Storm Bolt
1 Bash
3 Paladin
2 Holy Light
1 Divine Shield
» actions
| Assign group hotkey | 54 | |
| Basic commands | 52 | |
| Build / train | 142 | |
| Enter build submenu | 49 | |
| Enter hero's abilities submenu | 10 | |
| Give item / drop item | 3 | |
| Right click | 940 | |
| Select / deselect | 421 | |
| Select group hotkey | 262 | |
| Use ability | 146 | |
2079 total
» units
| Peasant | 27 | |
| Footman | 8 | |
| Flying Machine | 39 | |
| Priest | 7 | |
| Mortar Team | 1 | |
| Siege Engine | 3 | |
85 total
» upgrades
| Masonry | 3 | |
| Lumber Harvesting | 2 | |
| Gunpowder | 3 | |
| Priest Training | 2 | |
| Magic Sentry | 1 | |
| Flak Cannons | 1 | |
| Flying Machine Bombs | 1 | |
| Plating | 3 | |
| Fragmentation Shards | 1 | |
| Flare | 1 | |
| Barrage | 1 | |
19 total
» buildings
| Farm | 11 | |
| Altar of Kings | 2 | |
| Barracks | 1 | |
| Lumber Mill | 1 | |
| Scout Tower | 23 | |
| Arcane Tower | 2 | |
| Arcane Vault | 2 | |
| Town Hall | 4 | |
| Guard Tower | 10 | |
| Keep | 1 | |
| Blacksmith | 1 | |
| Workshop | 4 | |
| Castle | 1 | |
| Arcane Sanctum | 2 | |
| Cannon Tower | 1 | |
66 total
» build order
00:20 Farm
00:22 Altar of Kings
00:51 Barracks
01:01 Farm
01:26 Lumber Mill
01:37 Scout Tower
01:54 Farm
02:11 Arcane Tower
02:56 Farm
03:18 Scout Tower
03:19 Scout Tower
03:21 Arcane Vault
03:36 Scout Tower
03:37 Scout Tower
04:06 Town Hall
04:17 Guard Tower
04:31 Guard Tower
04:56 Arcane Tower
04:59 Scout Tower
05:46 Guard Tower
05:47 Scout Tower
05:48 Scout Tower
06:09 Farm
06:21 Keep
06:36 Guard Tower
06:42 Scout Tower
06:52 Scout Tower
07:01 Blacksmith
07:05 Scout Tower
07:06 Scout Tower
07:07 Scout Tower
07:08 Scout Tower
07:09 Scout Tower
07:20 Arcane Vault
07:44 Guard Tower
07:49 Farm
07:51 Farm
07:57 Guard Tower
08:10 Guard Tower
08:33 Guard Tower
08:51 Workshop
09:34 Castle
10:18 Workshop
10:20 Arcane Sanctum
10:24 Arcane Sanctum
11:25 Farm
11:43 Scout Tower
11:46 Scout Tower
12:17 Cannon Tower
12:19 Guard Tower
15:18 Town Hall
15:21 Town Hall
16:33 Farm
16:34 Farm
16:36 Farm
19:55 Town Hall
19:57 Scout Tower
19:58 Scout Tower
19:58 Scout Tower
20:00 Scout Tower
20:01 Scout Tower
20:01 Scout Tower
22:17 Guard Tower
22:46 Altar of Kings
25:40 Workshop
25:43 Workshop
» items
| Scroll of Regeneration | 4 | |
| Potion of Healing | 3 | |
| Staff of Sanctuary | 1 | |
| Scroll of Town Portal | 2 | |
10 total

»
ShippedMyPants (
purple | 73 APM | 1987 actions | 27:14)
4 Dark Ranger
2 Black Arrow
2 Silence
2 Death Knight
1 Death Coil
1 Unholy Aura
» actions
| Assign group hotkey | 31 | |
| Basic commands | 6 | |
| Build / train | 62 | |
| Enter build submenu | 27 | |
| Enter hero's abilities submenu | 6 | |
| Give item / drop item | 1 | |
| Remove unit from queue | 3 | |
| Right click | 766 | |
| Select / deselect | 305 | |
| Select group hotkey | 722 | |
| Use ability | 57 | |
1987 total
» units
| Acolyte | 7 | |
| Ghoul | 8 | |
| Crypt Fiend | 9 | |
| Frost Wyrm | 7 | |
31 total
» upgrades
| Web | 1 | |
| Creature Carapace | 3 | |
| Creature Attack | 2 | |
| Freezing Breath | 1 | |
7 total
» buildings
| Crypt | 2 | |
| Ziggurat | 12 | |
| Graveyard | 1 | |
| Altar of Darkness | 1 | |
| Nerubian Tower | 2 | |
| Halls of the Dead | 1 | |
| Spirit Tower | 2 | |
| Tomb of Relics | 1 | |
| Black Citadel | 1 | |
| Sacrificial Pit | 1 | |
| Boneyard | 2 | |
26 total
» build order
00:31 Crypt
00:36 Crypt
00:59 Ziggurat
01:13 Ziggurat
01:22 Graveyard
01:34 Altar of Darkness
01:52 Nerubian Tower
02:07 Nerubian Tower
03:47 Ziggurat
04:22 Halls of the Dead
06:11 Spirit Tower
07:10 Ziggurat
07:24 Tomb of Relics
08:08 Black Citadel
09:26 Sacrificial Pit
10:52 Boneyard
10:57 Boneyard
11:01 Ziggurat
11:03 Ziggurat
11:05 Ziggurat
11:07 Ziggurat
11:10 Ziggurat
12:10 Spirit Tower
13:03 Ziggurat
15:04 Ziggurat
15:07 Ziggurat
» items
| Scroll of Town Portal | 2 | |
| Orb of Corruption | 1 | |
| Scroll of Regeneration | 2 | |
| Lesser Clarity Potion | 2 | |
7 total
ned-stark-lives (
green | 67 APM | 3294 actions | 48:48)
8 Blademaster
3 Wind Walk
3 Critical Strike
1 Bladestorm
1 Mirror Image
6 Shadow Hunter
2 Hex
3 Healing Wave
1 Big Bad Voodoo
» actions
| Assign group hotkey | 115 | |
| Basic commands | 13 | |
| Build / train | 90 | |
| Enter build submenu | 25 | |
| Enter hero's abilities submenu | 15 | |
| Give item / drop item | 8 | |
| Remove unit from queue | 2 | |
| Right click | 1402 | |
| Select / deselect | 386 | |
| Select group hotkey | 1040 | |
| Use ability | 197 | |
3294 total
» units
| Peon | 20 | |
| Grunt | 4 | |
| Wind Rider | 8 | |
| Peasant | 4 | |
| Rifleman | 9 | |
45 total
» upgrades
| Reinforced Defenses | 1 | |
| Ranged Weapons | 2 | |
| Armor | 2 | |
| Envenomed Spears | 1 | |
| Gunpowder | 1 | |
7 total
» buildings
| Altar of Storms | 1 | |
| Orc Burrow | 7 | |
| Barracks | 1 | |
| Voodoo Lounge | 1 | |
| Stronghold | 2 | |
| War Mill | 1 | |
| Beastiary | 3 | |
| Great Hall | 1 | |
| Fortress | 1 | |
| Watch Tower | 55 | |
73 total
» build order
00:13 Altar of Storms
00:22 Orc Burrow
00:40 Barracks
01:30 Orc Burrow
01:59 Voodoo Lounge
03:07 Stronghold
03:21 Orc Burrow
04:34 War Mill
05:22 Orc Burrow
06:55 Beastiary
07:00 Beastiary
07:18 Great Hall
08:20 Fortress
11:03 Watch Tower
11:04 Watch Tower
11:04 Watch Tower
11:05 Watch Tower
12:58 Watch Tower
12:58 Watch Tower
12:58 Watch Tower
12:59 Watch Tower
12:59 Watch Tower
13:00 Watch Tower
13:00 Watch Tower
13:00 Watch Tower
14:27 Watch Tower
14:27 Watch Tower
14:27 Watch Tower
14:28 Watch Tower
14:29 Watch Tower
14:30 Watch Tower
15:22 Beastiary
16:17 Watch Tower
16:18 Watch Tower
16:42 Orc Burrow
16:43 Orc Burrow
16:44 Orc Burrow
18:17 Watch Tower
18:18 Watch Tower
18:18 Watch Tower
18:19 Watch Tower
19:17 Watch Tower
19:18 Watch Tower
19:19 Watch Tower
19:20 Watch Tower
19:20 Watch Tower
19:20 Watch Tower
21:11 Watch Tower
21:11 Watch Tower
21:11 Watch Tower
21:12 Watch Tower
21:12 Watch Tower
21:13 Watch Tower
21:13 Watch Tower
21:14 Watch Tower
23:40 Watch Tower
23:40 Watch Tower
23:41 Watch Tower
23:41 Watch Tower
23:42 Watch Tower
23:43 Watch Tower
23:44 Watch Tower
23:45 Watch Tower
23:46 Watch Tower
23:47 Watch Tower
28:22 Watch Tower
28:22 Watch Tower
28:23 Watch Tower
28:23 Watch Tower
28:44 Watch Tower
28:44 Watch Tower
28:45 Watch Tower
» items
| Healing Salve | 3 | |
| Staff of Teleportation | 2 | |
| Scroll of Regeneration | 2 | |
| Tiny Great Hall | 1 | |
| Scroll of Town Portal | 5 | |
| Potion of Healing | 1 | |
| Potion of Mana | 1 | |
| Orb of Lightning | 1 | |
16 total
NoCurtains (
orange | 50 APM | 1372 actions | 27:41)
5 Mountain King
2 Storm Bolt
3 Bash
2 Paladin
1 Holy Light
1 Devotion Aura
» actions
| Assign group hotkey | 55 | |
| Basic commands | 345 | |
| Build / train | 94 | |
| ESC pressed | 9 | |
| Enter build submenu | 31 | |
| Enter hero's abilities submenu | 7 | |
| Right click | 312 | |
| Select / deselect | 361 | |
| Select group hotkey | 62 | |
| Use ability | 96 | |
1372 total
» units
| Peasant | 34 | |
| Footman | 18 | |
| Knight | 8 | |
| Rifleman | 5 | |
65 total
» upgrades
| Lumber Harvesting | 1 | |
| Defend | 1 | |
| Masonry | 1 | |
| Plating | 1 | |
| Animal War Training | 1 | |
5 total
» buildings
| Altar of Kings | 2 | |
| Farm | 8 | |
| Barracks | 2 | |
| Scout Tower | 11 | |
| Arcane Tower | 2 | |
| Lumber Mill | 1 | |
| Guard Tower | 6 | |
| Keep | 1 | |
| Town Hall | 2 | |
| Castle | 1 | |
| Arcane Vault | 1 | |
| Blacksmith | 1 | |
38 total
» build order
00:13 Altar of Kings
00:23 Farm
00:33 Barracks
01:05 Farm
01:41 Scout Tower
02:06 Farm
02:12 Scout Tower
02:15 Arcane Tower
02:18 Lumber Mill
02:54 Farm
03:02 Guard Tower
04:13 Keep
04:21 Farm
04:39 Town Hall
05:00 Scout Tower
05:37 Barracks
06:17 Town Hall
06:23 Scout Tower
06:53 Guard Tower
06:57 Scout Tower
07:30 Guard Tower
07:33 Scout Tower
08:22 Arcane Tower
09:39 Castle
09:42 Arcane Vault
10:06 Blacksmith
10:59 Scout Tower
12:06 Farm
12:13 Farm
12:18 Farm
21:07 Scout Tower
21:14 Scout Tower
21:41 Scout Tower
21:42 Guard Tower
22:24 Guard Tower
22:25 Guard Tower
26:31 Altar of Kings
27:16 Scout Tower
» items
| Scroll of Regeneration | 3 | |
| Orb of Fire | 1 | |
| Scroll of Town Portal | 1 | |
5 total
team 2 (winner)

»
ZangGuei (
blue | 68 APM | 2204 actions | 32:28)
7 Death Knight
3 Death Coil
3 Unholy Aura
1 Animate Dead
6 Lich
3 Frost Nova
2 Dark Ritual
1 Death and Decay
» actions
| Assign group hotkey | 29 | |
| Basic commands | 229 | |
| Build / train | 191 | |
| ESC pressed | 3 | |
| Enter build submenu | 30 | |
| Enter hero's abilities submenu | 13 | |
| Give item / drop item | 6 | |
| Remove unit from queue | 1 | |
| Right click | 486 | |
| Select / deselect | 448 | |
| Select group hotkey | 695 | |
| Use ability | 73 | |
2204 total
» units
| Acolyte | 12 | |
| Ghoul | 46 | |
| Frost Wyrm | 19 | |
77 total
» upgrades
| Creature Attack | 3 | |
| Creature Carapace | 3 | |
| Freezing Breath | 1 | |
| Unholy Strength | 3 | |
| Unholy Armor | 3 | |
| Ghoul Frenzy | 1 | |
| Cannibalize | 1 | |
15 total
» buildings
| Crypt | 2 | |
| Ziggurat | 8 | |
| Altar of Darkness | 1 | |
| Graveyard | 1 | |
| Halls of the Dead | 3 | |
| Necropolis | 2 | |
| Black Citadel | 6 | |
| Sacrificial Pit | 1 | |
| Tomb of Relics | 1 | |
| Spirit Tower | 27 | |
| Boneyard | 2 | |
54 total
» build order
00:16 Crypt
01:25 Ziggurat
01:30 Ziggurat
01:32 Altar of Darkness
01:45 Graveyard
03:55 Halls of the Dead
03:55 Halls of the Dead
04:22 Necropolis
04:36 Necropolis
06:16 Black Citadel
06:16 Black Citadel
06:16 Black Citadel
06:16 Black Citadel
06:24 Sacrificial Pit
06:30 Ziggurat
06:41 Ziggurat
06:44 Ziggurat
06:49 Ziggurat
06:53 Ziggurat
07:01 Ziggurat
07:14 Tomb of Relics
07:33 Spirit Tower
07:33 Spirit Tower
07:35 Spirit Tower
07:35 Spirit Tower
07:35 Spirit Tower
07:37 Spirit Tower
07:38 Spirit Tower
07:38 Spirit Tower
07:42 Spirit Tower
07:42 Spirit Tower
07:43 Spirit Tower
07:58 Spirit Tower
07:59 Spirit Tower
07:59 Spirit Tower
07:59 Spirit Tower
08:03 Spirit Tower
08:03 Spirit Tower
08:04 Spirit Tower
08:51 Boneyard
09:14 Boneyard
15:17 Crypt
» items
| Orb of Corruption | 1 | |
| Potion of Mana | 1 | |
| Boots of Speed | 1 | |
| Periapt of Vitality | 2 | |
| Potion of Lesser Invulnerability | 1 | |
| Scroll of Town Portal | 3 | |
9 total
titeotomau (
teal | 31 APM | 1530 actions | 48:48)
7 Mountain King
3 Storm Bolt
3 Bash
1 Avatar
5 Paladin
2 Holy Light
1 Devotion Aura
2 Divine Shield
» actions
| Assign group hotkey | 35 | |
| Basic commands | 226 | |
| Build / train | 103 | |
| ESC pressed | 1 | |
| Enter build submenu | 33 | |
| Enter hero's abilities submenu | 12 | |
| Remove unit from queue | 3 | |
| Right click | 463 | |
| Select / deselect | 279 | |
| Select group hotkey | 272 | |
| Use ability | 103 | |
1530 total
» units
| Peasant | 17 | |
| Footman | 7 | |
| Knight | 12 | |
| Priest | 6 | |
| Siege Engine | 6 | |
48 total
» upgrades
| Masonry | 2 | |
| Defend | 1 | |
| Plating | 3 | |
| Swords | 2 | |
| Lumber Harvesting | 1 | |
| Animal War Training | 1 | |
| Barrage | 1 | |
11 total
» buildings
| Farm | 14 | |
| Altar of Kings | 1 | |
| Scout Tower | 9 | |
| Barracks | 2 | |
| Lumber Mill | 1 | |
| Arcane Tower | 2 | |
| Keep | 1 | |
| Blacksmith | 1 | |
| Arcane Vault | 1 | |
| Castle | 1 | |
| Arcane Sanctum | 1 | |
| Workshop | 1 | |
| Town Hall | 1 | |
| Guard Tower | 1 | |
37 total
» build order
00:21 Farm
00:38 Altar of Kings
01:00 Farm
01:24 Scout Tower
01:39 Barracks
01:43 Farm
02:09 Lumber Mill
02:13 Arcane Tower
02:53 Scout Tower
03:05 Farm
03:29 Keep
03:38 Arcane Tower
03:55 Farm
04:24 Blacksmith
04:53 Farm
05:05 Arcane Vault
07:04 Castle
07:09 Barracks
07:12 Farm
07:15 Farm
10:15 Farm
10:17 Farm
10:20 Arcane Sanctum
10:39 Farm
10:42 Farm
12:10 Farm
12:16 Farm
15:06 Workshop
21:59 Town Hall
23:29 Scout Tower
23:34 Scout Tower
23:36 Scout Tower
23:39 Scout Tower
29:25 Scout Tower
29:27 Scout Tower
29:29 Scout Tower
30:42 Guard Tower
» items
| Scroll of Regeneration | 4 | |
| Lesser Clarity Potion | 1 | |
| Orb of Fire | 2 | |
| Scroll of Town Portal | 7 | |
14 total

»
samwisecraft (
yellow | 77 APM | 3236 actions | 41:50)
7 Dreadlord
3 Sleep
3 Carrion Swarm
1 Inferno
5 Death Knight
3 Death Coil
2 Unholy Aura
» actions
| Assign group hotkey | 52 | |
| Basic commands | 34 | |
| Build / train | 97 | |
| ESC pressed | 3 | |
| Enter build submenu | 23 | |
| Enter hero's abilities submenu | 12 | |
| Give item / drop item | 1 | |
| Remove unit from queue | 5 | |
| Right click | 1665 | |
| Select / deselect | 594 | |
| Select group hotkey | 635 | |
| Use ability | 114 | |
3236 total
» units
| Acolyte | 9 | |
| Ghoul | 2 | |
| Crypt Fiend | 23 | |
| Frost Wyrm | 7 | |
41 total
» upgrades
| Web | 1 | |
| Creature Attack | 3 | |
| Freezing Breath | 1 | |
5 total
» buildings
| Crypt | 2 | |
| Graveyard | 1 | |
| Ziggurat | 13 | |
| Altar of Darkness | 1 | |
| Nerubian Tower | 2 | |
| Tomb of Relics | 1 | |
| Spirit Tower | 2 | |
| Halls of the Dead | 1 | |
| Necropolis | 1 | |
| Sacrificial Pit | 1 | |
| Black Citadel | 1 | |
| Boneyard | 3 | |
29 total
» build order
00:17 Crypt
00:22 Graveyard
00:36 Ziggurat
01:08 Altar of Darkness
01:34 Nerubian Tower
02:02 Ziggurat
02:09 Ziggurat
02:17 Tomb of Relics
03:06 Spirit Tower
04:46 Ziggurat
05:54 Halls of the Dead
05:58 Nerubian Tower
07:01 Necropolis
09:21 Sacrificial Pit
09:23 Black Citadel
10:51 Ziggurat
10:51 Ziggurat
10:53 Ziggurat
10:54 Ziggurat
10:55 Ziggurat
10:57 Ziggurat
12:02 Spirit Tower
12:43 Boneyard
12:44 Boneyard
15:32 Boneyard
17:25 Crypt
23:08 Ziggurat
23:08 Ziggurat
23:09 Ziggurat
» items
| Rod of Necromancy | 1 | |
| Scroll of Town Portal | 12 | |
| Potion of Healing | 6 | |
| Orb of Corruption | 1 | |
| Potion of Mana | 1 | |
| Potion of Lesser Invulnerability | 1 | |
| Boots of Speed | 1 | |
| Dust of Appearance | 1 | |
24 total
RodIsPoorMansTC (
pink | 52 APM | 2553 actions | 48:49)
8 Blademaster
3 Wind Walk
3 Critical Strike
1 Bladestorm
1 Mirror Image
» actions
| Assign group hotkey | 128 | |
| Basic commands | 284 | |
| Build / train | 69 | |
| Enter build submenu | 51 | |
| Enter hero's abilities submenu | 8 | |
| Give item / drop item | 6 | |
| Remove unit from queue | 2 | |
| Right click | 949 | |
| Select / deselect | 395 | |
| Select group hotkey | 467 | |
| Use ability | 194 | |
2553 total
» units
| Peon | 12 | |
| Grunt | 4 | |
| Wind Rider | 14 | |
| Troll Batrider | 5 | |
| Acolyte | 1 | |
36 total
» upgrades
| Armor | 3 | |
| Ranged Weapons | 3 | |
| Reinforced Defenses | 1 | |
| Envenomed Spears | 1 | |
| Troll Regeneration | 1 | |
| Liquid Fire | 1 | |
| Spiked Barricades | 1 | |
11 total
» buildings
| Orc Burrow | 6 | |
| Altar of Storms | 1 | |
| Barracks | 1 | |
| Voodoo Lounge | 1 | |
| Stronghold | 1 | |
| War Mill | 2 | |
| Beastiary | 4 | |
| Fortress | 1 | |
| Great Hall | 2 | |
| Watch Tower | 37 | |
56 total
» build order
00:18 Orc Burrow
01:06 Orc Burrow
01:10 Altar of Storms
01:12 Barracks
02:16 Voodoo Lounge
02:49 Stronghold
03:33 War Mill
04:15 Orc Burrow
05:54 Beastiary
05:55 Beastiary
07:18 Orc Burrow
10:05 Fortress
13:24 Great Hall
13:27 Watch Tower
13:28 Watch Tower
13:29 Watch Tower
13:30 Watch Tower
14:37 Watch Tower
14:38 Watch Tower
14:39 Watch Tower
14:52 Watch Tower
17:40 Watch Tower
17:40 Watch Tower
17:40 Watch Tower
17:41 Watch Tower
17:44 Watch Tower
17:44 Watch Tower
17:47 Watch Tower
17:49 Watch Tower
17:51 Watch Tower
18:16 Watch Tower
18:18 Watch Tower
18:21 Watch Tower
18:21 Watch Tower
21:09 Beastiary
21:12 Beastiary
28:14 Great Hall
28:21 Watch Tower
28:21 Watch Tower
28:22 Watch Tower
28:23 Watch Tower
28:23 Watch Tower
28:23 Watch Tower
28:30 Watch Tower
28:31 Watch Tower
28:38 Watch Tower
28:39 Watch Tower
28:40 Watch Tower
28:40 Watch Tower
28:41 Watch Tower
28:42 Watch Tower
28:42 Watch Tower
28:53 Orc Burrow
28:58 Orc Burrow
31:09 Watch Tower
31:15 War Mill
» items
| Healing Salve | 2 | |
| Periapt of Vitality | 1 | |
| Scroll of Town Portal | 4 | |
| Orb of Corruption | 1 | |
| Staff of Teleportation | 1 | |
9 total
Chat log
(05:23 / All) NoCurtains: gg
(09:02 / All) NoCurtains: lol
(11:48 / All) RodIsPoorMansTC: Favorite film with The Duke?
(11:56 / All) ned-stark-lives: TRUE grit
(12:04 / All) RodIsPoorMansTC: Do you like the Searchers/
(12:24 / Allies) RodIsPoorMansTC: lumberS?
(12:48 / Allies) samwisecraft: wood?
(13:37 / Allies) RodIsPoorMansTC: lumbers?
(13:38 / Allies) RodIsPoorMansTC: wood?
(13:41 / Allies) RodIsPoorMansTC: golds?
(14:49 / Allies) titeotomau: out
(15:14 / Allies) samwisecraft: teal wood?
(15:27 / Allies) samwisecraft: ty
(15:47 / Allies) titeotomau: we need to gather and hit
(16:20 / Allies) titeotomau: we need aa
(16:24 / Allies) RodIsPoorMansTC: lumbers
(16:39 / All) RodIsPoorMansTC: dinner bells
(17:29 / Allies) RodIsPoorMansTC: lumber for the love of jesus christ
(17:52 / Allies) RodIsPoorMansTC: ty
(18:48 / Allies) RodIsPoorMansTC: back up blue
(20:37 / All) NoCurtains: gg
(21:35 / Allies) samwisecraft: teal
(21:39 / Allies) samwisecraft: knight in my base
(22:15 / All) RodIsPoorMansTC: you can't catch me I'm the ginger bread man
(23:04 / Allies) titeotomau: run
(23:43 / Allies) ZangGuei: b
(25:56 / All) NoCurtains: now its done... finally
(27:44 / Allies) RodIsPoorMansTC: l;umber/
(28:14 / All) ned-stark-lives: lol
(33:04 / All) ned-stark-lives: keep trying to chase that bm teal
(35:53 / All) ned-stark-lives: i have a thousand towers how are u gonnna assault my base
(37:15 / All) RodIsPoorMansTC: All these golds will be lost to time, like tears in the rain
(37:31 / All) ned-stark-lives: im the only person that knows u can recover mana and health quickly at middle if ur on the right spot
(37:43 / Allies) samwisecraft: wtf
(38:45 / All) RodIsPoorMansTC: everyone knows that lawl
(39:19 / All) RodIsPoorMansTC: you can also patrol back and forth
(39:24 / Allies) samwisecraft: gold?
(39:45 / All) ned-stark-lives: isn't it slower to do that
(39:56 / All) RodIsPoorMansTC: nope
(39:57 / All) ned-stark-lives: yellow is better than i thought he ws
(39:59 / All) RodIsPoorMansTC: try it
(40:26 / All) RodIsPoorMansTC: divide and conquer
(41:01 / All) RodIsPoorMansTC: I don't think yellow undersatnd what has happened
(41:15 / All) ned-stark-lives: i said he was better not that he was smarter
(41:34 / All) RodIsPoorMansTC: mop up teals base it has no towers
(44:02 / All) ned-stark-lives: be a good boy teal
(45:18 / All) RodIsPoorMansTC: my allies sucked
(45:36 / All) RodIsPoorMansTC: all they said was "wtf
(45:39 / All) ned-stark-lives: i couldnt tell who was winning my team kept holding urs back
(45:40 / All) RodIsPoorMansTC: yellow said that
(46:06 / All) RodIsPoorMansTC: I mean they didn't deliver any funnies
(46:15 / All) ned-stark-lives: my team had chat that could have been really good but i was focused on trying to expo
(46:18 / All) RodIsPoorMansTC: real stingy with their emotional outburts
(46:29 / All) RodIsPoorMansTC: outbursts lol
(46:39 / All) RodIsPoorMansTC: remember firebert/
(47:06 / All) ned-stark-lives: no
(47:23 / All) RodIsPoorMansTC: from when me and gregory "dratsab" huffman tree hid on 2s at
(47:31 / All) RodIsPoorMansTC: they thought we were hacking and threatented to report us
(47:37 / All) RodIsPoorMansTC: we had fireberts myspace
(48:01 / Allies) RodIsPoorMansTC: anything to say for yourself teal?
(48:35 / All) RodIsPoorMansTC: Bunch of right mutes this lots were
(48:40 / All) RodIsPoorMansTC: Well, see ya around teal